 Dungeon Crawl Stone Soup version bcrawl-1.40.3b (webtiles) character file.

Game seed: 2370624487558133705

159616 PlayerOfArmor the Skirmisher (level 4, -1/41 HPs)
             Began as a Hill Orc Fighter on Mar 20, 2024.
             Killed by divine providence
             ... invoked by an orc priest
              (12 damage)
             ... on level 3 of the Dungeon.
             The game lasted 00:01:56 (1634 turns).

PlayerOfArmor the Skirmisher (Hill Orc Fighter)     Turns: 1634, Time: 00:01:56

Health: -1/41      AC:  9    Str: 19    XL:     4   Next: 90%
Magic:  4/4        EV:  5    Int:  8    God:
Gold:   154        SH:  9    Dex: 10    Spells: 3/3 levels left

rFire    . . .     GDR:     25% p - +0 whip (elec)
rCold    + . .     SeeInvis .   c - +0 medium shield
rNeg     . . .     Gourm    .   b - +0 scale mail
rPois    .         Faith    .   l - +1 helmet
rElec    .         Spirit   .   (no cloak)
rCorr    .         Reflect  .   (no gloves)
MR       .....                  (no boots)
Stlth    ..........             (no amulet)
HPRegen  0.16/turn              k - ring of protection from cold
MPRegen  0.09/turn              (no ring)

@: no status effects
A: no striking features
a: Convert to Beogh


You were on level 3 of the Dungeon.
You were hungry.

You visited 1 branch of the dungeon, and saw 3 of its levels.

You collected 154 gold pieces.

Inventory:

Hand Weapons
 p - a +0 whip of electrocution (weapon)
Armour
 b - a +0 scale mail (worn)
 c - a +0 medium shield (worn)
 l - a +1 helmet (worn)
 s - a +1 helmet
Jewellery
 k - a ring of protection from cold (left hand)
Scrolls
 a - 2 scrolls of remove curse {unknown}
 g - a scroll of amnesia {unknown}
 i - a scroll of identify
 j - a scroll of enchant armour {unknown}
 n - a scroll of teleportation {unknown}
 q - a scroll of fog {unknown}
 r - a scroll of revelation {unknown}
 t - a scroll of enchant weapon {unknown}
 u - a scroll of blinking {unknown}
Potions
 d - a potion of might
 f - a potion of curing {unknown}
 h - a potion of invisibility {unknown}
 m - a potion of ambrosia {unknown}
 o - a potion of magic {unknown}
Comestibles
 e - 2 rations {!d}


   Skills:
 + Level 4.9 Fighting
   Level 4.9 Short Blades
   Level 4.9 Long Blades
   Level 4.9 Axes
   Level 4.9 Maces & Flails
   Level 4.9 Polearms
   Level 4.9 Staves
 - Level 3.2 Armour
 - Level 3.2 Shields
   Level 4.9 Unarmed Combat


You had 3 spell levels left.
You didn't know any spells.
Your spell library was empty.

Dungeon Overview and Level Annotations

Branches:
Dungeon (3/12)

Altars:
Elyvilon
Kikubaaqudgha


Message History

Pain shoots through your body!
Found a white marble altar of Elyvilon.
You are feeling hungry.
You hit the orc priest but do no damage.
The orc priest hits you with a +0 mace.
You hit the orc priest.
The orc priest is moderately wounded.
The orc priest hits you but does no damage.
You hit the orc priest.
The orc priest is heavily wounded.
The orc priest calls down the wrath of Beogh upon you.
Beogh smites you!
* * * LOW HITPOINT WARNING * * *
The orc hits you but does no damage.
Your shield prevents you from hitting the orc priest.
The orc priest is heavily wounded.
The orc hits you but does no damage.
The orc priest invokes the aid of Beogh against you.
Beogh smites you!
You die...

######.#.#.####
+......#.#....#
######.#.#..####
##.........
#.........
♣♣#.#......
♣♣.!....####
♣♣..K......#
♣.@.≈≈≈....#
≈≈≈...oo≈≈≈≈≈...#
_≈≈....o≈≈♣≈≈...#
≈≈≈.....≈≈≈≈≈..##
≈≈...♣...≈≈≈...#
....♣♣♣.......##
...♣ ♣♣.......
.♣♣ ♣#.....


You could see an orc priest, 2 orcs and a kobold.

Vanquished Creatures
  A crimson imp (D:2)
  A worker ant (D:2)
  Robin (D:2)
  An adder skeleton (D:2)
  2 worms (D:2)
  A leopard gecko (D:1)
  2 giant cockroaches
  10 goblins (D:2)
  3 hobgoblins
  2 frilled lizards
  6 kobolds
  A rat (D:1)
31 creatures vanquished.

Notes
Turn   | Place    | Note
-------+----------+-------------------------------------------
     0 | D:1      | PlayerOfArmor the Hill Orc Fighter began the quest for the
                  | Orb.
     0 | D:1      | Reached XP level 1. HP: 19/19 MP: 1/1
   289 | D:1      | Reached XP level 2. HP: 26/26 MP: 2/2
   915 | D:2      | Reached skill level 4 in Fighting
   915 | D:2      | Reached XP level 3. HP: 19/33 MP: 3/3
   966 | D:2      | Noticed Robin
  1011 | D:2      | Killed Robin
  1012 | D:2      | Reached XP level 4. HP: 13/41 MP: 4/4
  1287 | D:2      | Found an ancient bone altar of Kikubaaqudgha.
  1630 | D:3      | Found a white marble altar of Elyvilon.
  1634 | D:3      | Killed from afar by an orc priest

Skill      XL: |  1  2 |
---------------+-------+-----
Fighting       | 4 |  4.9
Short Blades   | |  4.9
Long Blades    | |  4.9
Axes           | |  4.9
Maces & Flails | |  4.9
Polearms       | |  4.9
Staves         | |  4.9
Armour         | |  3.2
Shields        | |  3.2
Unarmed Combat | |  4.9

Action                   |  1- 3 |  4- 6 || total
-------------------------+-------+-------++-------
Melee: War axe           |     7 |       ||     7
       Whip              |    66 |    34 ||   100
  Eat: Chunk             |     1 |     4 ||     5
Armor: Scale mail        |    46 |    11 ||    57
Dodge: Dodged            |    19 |     1 ||    20
Block: Medium shield     |    34 |    10 ||    44
